 Dungeon Crawl Stone Soup version 0.17-a0-1972-g3149b6f (webtiles) character file.

152 Shim the Grasshopper (level 5, 0/34 HPs)
             Began as a High Elf Warper on Oct 4, 2015.
             Killed from afar by an orc wizard (9 damage)
             ... with a magic dart
             ... on level 4 of the Dungeon.
             The game lasted 00:33:16 (6274 turns).

Shim the Grasshopper (High Elf Warper)              Turns: 6274, Time: 00:33:16

Health: 0/34       AC: 10    Str: 10    XL:     5   Next: 11%
Magic:  8/11       EV: 12    Int: 17    God:
Gold:   186        SH:  4    Dex: 15    Spells: 4 memorised, 2 levels left

rFire  . . .     SeeInvis .     D - +0 dagger (protect)
rCold  . . .     Clarity  .     b - +0 leather armour
rNeg   . . .     SustAt   +     i - +0 buckler
rPois  .         Gourm    .     g - +0 helmet
rElec  .         Spirit   .     (no cloak)
rCorr  .         Warding  .     (no gloves)
rMut   .         Stasis   .     q - +0 pair of boots
MR     .....                    (no amulet)
Stlth  +.........               (no ring)
                                h - ring of sustain attributes

@: very slightly contaminated, not resistant to hostile enchantments, very
unstealthy
A: no striking features
a: no special abilities


You were on level 4 of the Dungeon.
You were not hungry.

You visited 1 branch of the dungeon, and saw 4 of its levels.

You collected 186 gold pieces.

Inventory:

Hand Weapons
 a - a +0 falchion
 w - a cursed -3 short sword
 y - a +0 short sword
 B - a +0 trident
 D - a +0 dagger of protection (weapon)
Missiles
 e - 5 tomahawks of dispersal
 E - 6 tomahawks (quivered)
Armour
 b - a +0 leather armour (worn)
 g - a +0 helmet (worn)
 i - a +0 buckler (worn)
 k - a +0 helmet
 q - a +0 pair of boots (worn)
 C - a +0 shield
Jewellery
 h - a ring of sustain attributes (left hand)
Scrolls
 l - a scroll of remove curse {unknown}
 n - 2 scrolls of teleportation
 p - 2 scrolls of identify
 r - a scroll of enchant weapon {unknown}
 s - 3 scrolls of amnesia {unknown}
 t - a scroll of magic mapping {unknown}
 A - 2 scrolls of fear {unknown}
Potions
 m - a potion of heal wounds {unknown}
 o - a potion of agility {unknown}
 u - a potion of lignification {unknown}
 v - a potion of degeneration {unknown}
 x - a potion of invisibility {unknown}
Books
 c - a book of Spatial Translocations

   Spells                             Type                      Level
   a - Apportation                    Translocation                1
   b - Blink                          Translocation                2
   c - Shroud of Golubria             Charms/Translocation         2
   d - Portal Projectile              Translocation                3
   e - Teleport Other                 Translocation                3
   f - Passage of Golubria            Translocation                4
 d - Sif Muna's Handbook of Confrontation
   (You found it on level 4 of the Dungeon)

   Spells                             Type                      Level
   a - Flame Tongue                   Conjuration/Fire             1
Comestibles
 f - a bread ration
 j - 2 fruits


   Skills:
 + Level 2.2 Fighting
 * Level 0.2(1.8) Short Blades
 + Level 3.0 Long Blades
 + Level 1.2 Throwing
 + Level 1.4 Armour
 + Level 3.2 Dodging
 + Level 0.5 Stealth
 + Level 0.8 Shields
 + Level 3.3 Spellcasting
 + Level 0.2 Charms
 + Level 4.2 Translocations


You had 2 spell levels left.
You knew the following spells:

 Your Spells              Type           Power        Failure   Level  Hunger
a - Apportation           Tloc           ###.......   8%          1    None
b - Blink                 Tloc           N/A          12%         2    ##.....
c - Teleport Other        Tloc           ###.....     21%         3    ###....
d - Shroud of Golubria    Chrm/Tloc      ##........   21%         2    ##.....


Dungeon Overview and Level Annotations

Branches:
Dungeon (4/15)
 Temple: D:4-7

Altars:
Fedhas
Sif Muna


Message History

You feel yourself speed up. Something hits you.
* * * LOW HITPOINT WARNING * * *
There is an open door here.
You hear some strange, mumbled words.
A puff of flame appears from out of thin air!
The puff of flame misses you.
Casting: Shroud of Golubria
Confirm with . or Enter, or press ? or * to list all spells.
Okay, then.
Read which item? (? for menu, Esc to quit)
Blink to where?
Press: ? - help, Dir - move target cursor
As you read the scroll of blinking, it crumbles to dust.
There is an escape hatch in the floor here.
You see here a rare book. d - Sif Muna's Handbook of Confrontation A magic dart appears from out of thin air!
The magic dart hits you!
You die...

....###
##.##...........
......
##...#####.#####.
....###[. #.._..#
.# (.......
#.8.8.# .# ....#
###Z### .. ....#
#...# .# ....##
#...# .# .....#
#≈≈≈# .. ...#.#
#.@.# ####.#
##### #.# #.###
#...# ###.# #.#
#.## ##.###..##


You could see a jackal skeleton.

Vanquished Creatures
  7 adders
  An ooze (D:2)
  A worm (D:3)
  3 giant geckos (D:3)
  8 orcs
  3 ball pythons
  5 bats
  5 hobgoblins
  4 jackals (D:2)
  15 kobolds
  2 quokkas (D:3)
  3 giant cockroaches
  3 giant newts
  7 goblins
  7 rats
74 creatures vanquished.

Notes
Turn   | Place    | Note
--------------------------------------------------------------
     0 | D:1      | Shim the High Elf Warper began the quest for the Orb.
     0 | D:1      | Reached XP level 1. HP: 14/14 MP: 4/4
   334 | D:1      | Reached XP level 2. HP: 19/19 MP: 6/6
   350 | D:1      | Learned a level 2 spell: Blink
  1338 | D:2      | Reached XP level 3. HP: 21/24 MP: 5/8
  1372 | D:2      | Reached skill level 1 in Armour
  2350 | D:2      | Reached skill level 4 in Translocations
  2482 | D:2      | Reached XP level 4. HP: 15/29 MP: 9/9
  2818 | D:2      | Learned a level 3 spell: Teleport Other
  2821 | D:2      | Learned a level 2 spell: Shroud of Golubria
  3925 | D:3      | Found a blossoming altar of Fedhas.
  5567 | D:3      | Reached XP level 5. HP: 32/34 MP: 8/10
  6187 | D:4      | Found a deep blue altar of Sif Muna.
  6274 | D:4      | Identified Sif Muna's Handbook of Confrontation (You found it on level 4 of the Dungeon)
  6274 | D:4      | Killed from afar by an orc wizard

Vault maps used:
D:1:      lightli_arrival_boilingwater
D:2:      first_bread, minivault_11
D:3:      lemuel_crystal_altar
D:4:      grunt_temple_overflow_holy_war, led_sif_book

Action                   |  1- 3 |  4- 6 || total
-------------------------+-------+-------++-------
Melee: Falchion          |   162 |    42 ||   204
       Dagger            |       |   221 ||   221
       Short sword       |       |    48 ||    48
Throw: Tomahawk          |       |     1 ||     1
 Cast: Blink             |     6 |     3 ||     9
       Apportation       |     1 |       ||     1
       Shroud of Golubri |       |    12 ||    12
       Teleport Other    |       |     5 ||     5
  Use: Scroll            |       |     4 ||     4
 Stab: Sleeping          |       |     3 ||     3
  Eat: Fruit             |     2 |       ||     2
       Bread ration      |     1 |     2 ||     3
       Meat ration       |       |     1 ||     1
